[Event "*** SCC Grand Prix: Titled Tuesday Blitz"]
[Site "Chess.com"]
[Date "2020.06.02"]
[Round "10"]
[White "pedro_nascimento85"]
[Black "goldenpuppy"]
[Result "0-1"]
[WhiteElo "1942"]
[BlackElo "2185"]
[TimeControl "180+1"]
[EndTime "11:58:58 PDT"]
[Termination "goldenpuppy won on time"]

1. d4 Nf6 2. c4 e6 3. Nc3 Bb4 4. e3 O-O 5. Ne2 d5 6. a3 Be7 7. Nf4 c6 8. Bd3 Nbd7 9. O-O Re8 10. Qf3 Bf8 11. Qh3 e5 12. Nh5 exd4 13. exd4 dxc4 14.
Bc2 Nxh5 15. Qxh5 Nf6 16. Qh4 h6 17. Rd1 Nd5 18. Qh5 Nxc3 19. bxc3 Qd5 20. Qh4 Bf5 21. Bxf5 Qxf5 22. Be3 Re4 23. Qg3 Rg4 24. Qc7 Qc8 25. Qxc8 Rxc8 26. a4 a6 27. a5 Re4 28. Rab1 Rc7 29. Rb2 Ree7 30. Rdb1 Rcd7 31. h3 f5 32. g3 Kf7 33. Bf4 Ke8 34. Be5 Kd8 35. f4 Kc8 36. Kg2 Re6 37. Kf3 Be7 38. g4 fxg4+ 39. hxg4 Bd8 40. Rg2 Bxa5 41. f5 Re8 42. g5 hxg5 43. Rxg5 Rf8 44. Ke4 Rff7 45. Rg3 Bc7 46. Rh1 Rde7 47.
Rh8+ Kd7 48. Rg6 c5 49. Rh7 cxd4 50. cxd4 c3 51. Kd3 Bxe5 52. dxe5 Rxf5 53. Kxc3 Rfxe5 54. Rgxg7 Rxg7 55. Rxg7+ Re7 56. Rg6 Kc7 57. Rg3 b5 58. Rd3 Kb6 59. Kb4 Rc7 60. Kb3 Rc5 61. Rd6+ Rc6 62. Rd8 a5 63. Rb8+ Kc5 64. Ra8 a4+ 65. Ka3 Kc4 66. Rb8 Rc5 67. Rb7 Kc3 68. Rb8 Kc4 69.
Rb7 Rc6 70. Rb8 Kc5 71. Rb7 Rd6 0-1

[Event "*** SCC Grand Prix: Titled Tuesday Blitz"]
[Site "Chess.com"]
[Date "2020.06.02"]
[Round "10"]
[White "Girkassa"]
[Black "StephenDedalus83"]
[Result "0-1"]
[WhiteElo "2530"]
[BlackElo "2718"]
[TimeControl "180+1"]
[EndTime "11:58:59 PDT"]
[Termination "StephenDedalus83 won by resignation"]

1. d4 g6 2. e4 Bg7 3. Nc3 d6 4. Be3 a6 5. Qd2 b5 6. a4 b4 7. Nd1 Bb7 8. f3 a5 9. c3 bxc3 10.
bxc3 Nf6 11. Nf2 O-O 12. Bh6 Nbd7 13. h4 e5 14. h5 Nxh5 15. g4 Nf4 16. Bxf4 exf4 17.
Qxf4 h6 18. Bc4 Qe7 19. Ne2 d5 20. exd5 Nb6 21. Bb3 Bxd5 22. Bxd5 Nxd5 23. Qe4 Rfe8 24.
Qxe7 Rxe7 25. Kd2 c5 26. Ne4 cxd4 27. cxd4 Rd8 28. Rhc1 Nb4 29. Rc4 Red7 30. Ke3 Rxd4 31. Nxd4 Bxd4+ 32. Rxd4 Nc2+ 33. Kd3 Nxd4 34. Kc4 Nxf3 35.
Kb5 Rd5+ 36. Kb6 Kg7 37. Nc3 Rg5 38. Nb5 Rxg4 39. Kxa5 Nd2 40. Kb6 Nc4+ 41. Kc5 Na5 42. Kb6 Nc4+ 43. Kc5 h5 44. Nd6 Na5 45. Kb5 Rg5+ 46.
Kb6 h4 47. Nb5 Nc4+ 48. Kc7 h3 49. Rc1 h2 50. Rh1 Rg2 51. Kc6 Ra2 52. Kc5 Ne3 53. Kb4 Ng4 54. Kb3 Rg2 55. a5 Rg1 56. Rxh2 Nxh2 57. a6 Rc1 58. Nc3 Ra1 59. Na4 Rb1+ 60. Nb2 Re1 0-1

[Event "*** SCC Grand Prix: Titled Tuesday Blitz"]
[Site "Chess.com"]
[Date "2020.06.02"]
[Round "10"]
[White "MasterKroket"]
[Black "GothamChess"]
[Result "0-1"]
[WhiteElo "2424"]
[BlackElo "2603"]
[TimeControl "180+1"]
[EndTime "11:58:59 PDT"]
[Termination "GothamChess won by resignation"]

1. d4 e6 2. c4 b6 3. a3 Bb7 4.
Nc3 f5 5. d5 Nf6 6. Nf3 Bd6 7.
g3 O-O 8. Bg2 Qe7 9. O-O Na6 10.
b4 c6 11. dxc6 dxc6 12. Bb2 Rad8 13. Qc2 c5 14. b5 Nb8 15. a4 Nbd7 16. a5 Bb8 17.
Rfd1 f4 18. a6 Ba8 19. Rd2 Ng4 20. Rad1 fxg3 21. hxg3 Ndf6 22. Rxd8 Rxd8 23. Rxd8+ Qxd8 24. Qd2 Qf8 25. Bh3 h5 26. Qg5 Qd6 27. Bc1 Bxf3 28. exf3 Qd3 29. fxg4 hxg4 30. Qd2 Qxd2 31. Bxd2 gxh3 32.
Be1 Be5 33. Ne2 Ng4 34. f3 Ne3 35. Kh2 Nxc4 36. f4 Bf6 37. g4 Nd6 38. g5 Bb2 39.
Bc3 Bxc3 40. Nxc3 Kf7 41. Kxh3 Kg6 42. Kg4 c4 43. Kg3 Kf5 44. Kf3 e5 45. fxe5 Kxe5 46. Kg4 Kd4 47. Nd1 c3 48. Nxc3 Kxc3 49. Kh5 Kb4 50. Kg6 Ne4 0-1

[Event "*** SCC Grand Prix: Titled Tuesday Blitz"]
[Site "Chess.com"]
[Date "2020.06.02"]
[Round "10"]
[White "LileKoridze"]
[Black "IMDT02"]
[Result "1-0"]
[WhiteElo "2320"]
[BlackElo "2457"]
[TimeControl "180+1"]
[EndTime "11:58:59 PDT"]
[Termination "LileKoridze won on time"]

1. d4 Nf6 2. c4 e6 3. g3 d5 4. Bg2 Be7 5. Nf3 O-O 6. O-O dxc4 7. Qc2 a6 8. Qxc4 b5 9. Qc2 Bb7 10. a3 Nbd7 11. b4 a5 12. bxa5 Rxa5 13. Bd2 Ra8 14.
Nc3 c6 15. a4 b4 16. Ne4 Nxe4 17. Qxe4 Qb6 18. Ng5 Nf6 19. Qd3 Rfd8 20. Be3 h6 21. Ne4 Ba6 22. Qc2 Nd5 23. Bc1 Qxd4 24. Bb2 Qb6 25.
Rfe1 b3 26. Qc1 Nb4 27. Qc3 Bf8 28. Qxb3 Rab8 29. Ba3 Nd5 30. Qf3 Bxa3 31. Qxa3 Qb4 32. Qf3 Qd4 33. Rad1 Qe5 34. Nc5 Bc8 35. h3 Re8 36. Nd3 Qf6 37. Qxf6 gxf6 38. Rc1 Bd7 39. Nc5 Bc8 40. Red1 Re7 41. e4 Nb4 42. Rd8+ Kh7 43. Rcd1 Ra8 44. Nd7 Ra7 45. Nf8+ Kg7 46. Rxc8 1-0

[Event "*** SCC Grand Prix: Titled Tuesday Blitz"]
[Site "Chess.com"]
[Date "2020.06.02"]
[Round "10"]
[White "zajka-molotok"]
[Black "arminmusovic"]
[Result "0-1"]
[WhiteElo "2379"]
[BlackElo "2529"]
[TimeControl "180+1"]
[EndTime "11:59:00 PDT"]
[Termination "arminmusovic won by resignation"]

1. c4 e5 2. g3 Nf6 3. Bg2 c6 4. Nc3 d5 5. cxd5 cxd5 6. d4 exd4 7. Qxd4 Nc6 8. Qa4 d4 9. Ne4 Nxe4 10. Bxe4 Bb4+ 11. Kf1 Be7 12. Kg2 O-O 13. Nf3 Re8 14. Rd1 Bf6 15. Bxc6 bxc6 16. Nxd4 Qd7 17. Be3 Qh3+ 18.
Kg1 Bb7 19. Nf3 c5 20. Qd7 Qxd7 21. Rxd7 Ba6 22. Rd2 Rab8 23. Rb1 c4 24. Bxa7 c3 25. Bxb8 cxd2 26. Bf4 Bxe2 27. Nxd2 Bd3 28. Rd1 Bxb2 29.
Nb3 Bc4 30. h4 h6 31. Be3 Ra8 32. Bd4 Rxa2 33. Bxb2 Rxb2 34. Nd4 Bd5 35. Nf5 Bf3 36. Re1 Kh7 37. Nd4 Bd5 38. Nf5 g5 39. Ne3 Bf3 40. hxg5 hxg5 41. Rc1 Rb8 42. Nf5 Kg6 43. Nd4 Bd5 44. Kf1 Rh8 45. Ke2 Re8+ 46. Kd2 Be4 47. Re1 f5 48. f3 Rd8 49. fxe4 Rxd4+ 50. Kc3 Rxe4 51. Rxe4 fxe4 52. Kd4 Kf5 53. Ke3 Kg4 54. Kxe4 Kxg3 55. Kf5 g4 0-1

[Event "*** SCC Grand Prix: Titled Tuesday Blitz"]
[Site "Chess.com"]
[Date "2020.06.02"]
[Round "10"]
[White "Konovalova_Vera"]
[Black "Forantes"]
[Result "0-1"]
[WhiteElo "2143"]
[BlackElo "2291"]
[TimeControl "180+1"]
[EndTime "11:59:00 PDT"]
[Termination "Forantes won by resignation"]

1. d4 Nf6 2. Nf3 g6 3. Bg5 Ne4 4. Bh4 d5 5. Nbd2 Bg7 6. e3 O-O 7. Bd3 Nd6 8. O-O c5 9. dxc5 Nf5 10. Rb1 Nc6 11. Bg3 Qa5 12. Nb3 Qxa2 13. Bxf5 Bxf5 14. Nfd4 Nxd4 15. Nxd4 Bd7 16. b3 Qa5 17. b4 Qa2 18. Qd3 e5 19. Nb3 Bf5 20. Qc3 Qxc2 21. Rbc1 Qxc3 22.
Rxc3 Rfd8 23. Rd1 d4 24. exd4 exd4 25. Rcc1 d3 26. b5 Rac8 27. c6 bxc6 28. Rxc6 Be6 29. Nc5 Bc4 30. Rxc8 Rxc8 31. Nxd3 Bxd3 32. f3 Bxb5 33. Rb1 Bd4+ 34. Kh1 Be3 35. Be1 Rc1 36. Rxc1 Bxc1 37. g3 a6 38. Ba5 Be3 39. Kg2 f5 40. f4 Kg7 41. Kf3 Bc5 42. h3 Kf7 43. g4 Bc6+ 44. Ke2 Be4 45. h4 Ke6 46. g5 Kd5 47.
Kd2 Kd4 0-1

[Event "*** SCC Grand Prix: Titled Tuesday Blitz"]
[Site "Chess.com"]
[Date "2020.06.02"]
[Round "10"]
[White "WiktoriaPOL"]
[Black "Eloist"]
[Result "0-1"]
[WhiteElo "2031"]
[BlackElo "2236"]
[TimeControl "180+1"]
[EndTime "11:59:01 PDT"]
[Termination "Eloist won on time"]

1. d4 e6 2. c4 Nf6 3. Nf3 b6 4. a3 Ba6 5. Nbd2 c5 6. g3 cxd4 7. Bg2 Bb7 8. O-O Be7 9. Nxd4 Bxg2 10. Kxg2 Qc7 11. e4 Nc6 12. Nb5 Qb7 13. b3 a6 14.
Nc3 b5 15. Bb2 O-O 16. cxb5 axb5 17. f3 b4 18. axb4 Nxb4 19. Nc4 d5 20. exd5 Nbxd5 21. Nxd5 Nxd5 22. Rxa8 Rxa8 23. Qd3 Rb8 24. Ra1 h6 25. Na5 Qb6 26. Bd4 Bc5 27. Bxc5 Qxc5 28. Nc4 Qb4 29. Rb1 Ra8 30. Rb2 Ra1 31. Qe2 Re1 32. Qf2 Qc3 33. Qd2 Qxd2+ 34. Rxd2 Rb1 35. Na5 Kf8 36. f4 g6 37. Kf3 h5 38. h4 Ke7 39. Rc2 Kd6 40.
Rc6+ Kd7 41. Rc2 Ra1 42. Nc4 Rf1+ 43. Kg2 Rb1 44. Ne5+ Ke7 45. Nc4 Ra1 46. b4 Ra4 0-1

[Event "*** SCC Grand Prix: Titled Tuesday Blitz"]
[Site "Chess.com"]
[Date "2020.06.02"]
[Round "10"]
[White "Fandorine"]
[Black "BakaPG"]
[Result "1-0"]
[WhiteElo "2903"]
[BlackElo "2714"]
[TimeControl "180+1"]
[EndTime "11:59:02 PDT"]
[Termination "Fandorine won on time"]

1. e4 e6 2. d4 d5 3. Nc3 Nf6 4.
e5 Nfd7 5. f4 c5 6. Nce2 Nc6 7. c3 b5 8. a3 a5 9. Nf3 Ba6 10.
dxc5 Bxc5 11. Ned4 Qb6 12. b4 Be7 13. Be3 Nxd4 14.
Nxd4 Qb7 15. Be2 Rc8 16. Qd2 a4 17. O-O g6 18. Rae1 h5 19. Bd3 Rg8 20. Rc1 Rc4 21.
Bxc4 dxc4 22. Nf3 Qc6 23. Rcd1 Bb7 24. Nd4 Qd5 25. Nc2 Qc6 26. Nd4 Qd5 27. Qe2 g5 28. f5 g4 29. Bf4 exf5 30. Nxf5 Qe6 31. Nd6+ Bxd6 32. Rxd6 Qe7 33. e6 Nf6 34. exf7+ Kxf7 35. Rxf6+ Qxf6 36. Be5 Bf3 37. Qe3 Qf5 38. gxf3 gxf3+ 39. Bg3 Re8 40. Qxf3 Qxf3 41. Rxf3+ Kg6 42. Kf2 Rd8 43.
Ke2 Kg5 44. Rf4 Rd3 45. Rf3 Rd5 46. Re3 Kg4 47. Re4+ Kh3 48. Re5 Kg2 49. Rxd5 h4 50. Bxh4 1-0

[Event "*** SCC Grand Prix: Titled Tuesday Blitz"]
[Site "Chess.com"]
[Date "2020.06.02"]
[Round "10"]
[White "bait_or_mate"]
[Black "Harsha_Bharathakoti"]
[Result "0-1"]
[WhiteElo "2546"]
[BlackElo "2724"]
[TimeControl "180+1"]
[EndTime "11:59:02 PDT"]
[Termination "Harsha_Bharathakoti won on time"]

1. d4 Nf6 2. c4 e6 3. Nf3 d5 4. g3 dxc4 5. Bg2 c6 6. O-O b5 7. e3 Bb7 8. Qe2 Nbd7 9. b3 cxb3 10. axb3 Be7 11. Bb2 O-O 12. Rc1 a6 13. Ne5 Nxe5 14.
dxe5 Nd5 15. Nc3 Qb8 16. Ne4 c5 17. Nxc5 Bxc5 18. Rxc5 Nb4 19. Bxb7 Qxb7 20. Qd2 Nd5 21. Rac1 Rac8 22. Qd4 h6 23. h4 Rxc5 24. Qxc5 Rd8 25.
Bd4 h5 26. Qc6 Qxc6 27. Rxc6 Nb4 28. Rc7 a5 29. Rb7 Rd5 30. Ra7 Nc6 31. Ra8+ Kh7 32. f4 Kg6 33. Ra6 Nxd4 34. exd4 Rxd4 35. Rxa5 Rd3 36.
Kg2 Rxb3 37. Ra7 Rb2+ 38. Kf3 b4 39. Rb7 Rb3+ 40. Kg2 Rb2+ 41. Kf3 b3 42. Ra7 Rb1 43. Rb7 b2 44. Kg2 f6 45. exf6 gxf6 46. Rb5 e5 47. fxe5 fxe5 48. Rb4 e4 49. Rb8 e3 50. Rb5 e2 0-1

[Event "*** SCC Grand Prix: Titled Tuesday Blitz"]
[Site "Chess.com"]
[Date "2020.06.02"]
[Round "10"]
[White "Bubachess1608"]
[Black "Shushik"]
[Result "0-1"]
[WhiteElo "2297"]
[BlackElo "2178"]
[TimeControl "180+1"]
[EndTime "11:59:02 PDT"]
[Termination "Shushik won by checkmate"]

1. e4 e5 2. Bc4 Nf6 3. d3 c6 4.
Qe2 Qc7 5. Nf3 Bc5 6. O-O O-O 7.
c3 d5 8. Bb3 Bg4 9. h3 Bxf3 10.
Qxf3 dxe4 11. dxe4 Nbd7 12. Bg5 a5 13. a4 Qb6 14. Nd2 h6 15. Bh4 Rad8 16. Rfd1 Rfe8 17. Rab1 Be7 18. Ba2 Nc5 19. Nc4 Qc7 20. Ne3 Ncxe4 21. Nf5 Nd2 22. Rxd2 Rxd2 23. Nxh6+ gxh6 24. Bxf6 Bxf6 25. Qxf6 Rd6 26. Qf3 Qd7 27. Re1 Rg6 28. Re4 Kg7 29. Bb1 f5 30. Re1 e4 31. Qf4 Rd8 32. Bc2 Qd2 33. Re3 Rd7 34. Bxe4 fxe4 35. Qxe4 Qd1+ 36.
Kh2 Qd6+ 37. g3 Rf7 38. Re2 Qd5 39. Qe8 Qf5 40. h4 Qf6 41. h5 Rg5 42. Qe4 Rxh5+ 43.
Kg2 Rg5 44. Qe8 h5 45. f4 Qxf4 46. Re3 Qf2+ 47. Kh3 Qf5+ 48. Kg2 Qf1+ 49. Kh2 Rf2# 0-1

[Event "*** SCC Grand Prix: Titled Tuesday Blitz"]
[Site "Chess.com"]
[Date "2020.06.02"]
[Round "10"]
[White "Twitch_ElhamBlitz05"]
[Black "Dynamikus"]
[Result "0-1"]
[WhiteElo "2675"]
[BlackElo "2779"]
[TimeControl "180+1"]
[EndTime "11:59:03 PDT"]
[Termination "Dynamikus won on time"]

1. e4 c5 2. Nf3 d6 3. d4 cxd4 4.
Nxd4 Nf6 5. f3 a6 6. c4 e6 7. Nc3 b6 8. Be3 Bb7 9. Qd2 Nbd7 10.
Be2 Be7 11. O-O O-O 12. Rfd1 Qc7 13. Rac1 Rac8 14. b3 Rfe8 15. Bf2 Qb8 16. b4 d5 17. cxd5 Bxb4 18. dxe6 fxe6 19. Qb2 Bd6 20. g3 b5 21.
Nb3 Be5 22. Qd2 Red8 23. Qe1 h6 24. Bf1 Nf8 25. Ne2 Rxd1 26. Rxd1 Rc2 27. Ned4 Bxd4 28. Nxd4 Rxa2 29. Qc3 Bxe4 30. fxe4 Nxe4 31. Qb3 Rxf2 32. Nxe6 Kh8 33. Qe3 Nxe6 34. Qxe4 Rf6 35. Bd3 Nf8 36. Bb1 b4 37. Kg2 a5 38. Rd7 a4 39. Re7 Qd6 40. Re8 g6 41. Qa8 Kg7 42. Qb7+ Rf7 43. Qe4 b3 44. Qxa4 b2 45. Qc2 Qf6 46. Re1 Ne6 47. Qe2 Ng5 48. h3 Qc6+ 49. Kh2 Nf3+ 50. Kh1 Nxe1+ 51. Be4 b1=Q 0-1

[Event "*** SCC Grand Prix: Titled Tuesday Blitz"]
[Site "Chess.com"]
[Date "2020.06.02"]
[Round "10"]
[White "JuliaEfremova"]
[Black "sergeikim"]
[Result "1-0"]
[WhiteElo "2272"]
[BlackElo "2454"]
[TimeControl "180+1"]
[EndTime "11:59:03 PDT"]
[Termination "JuliaEfremova won on time"]

1. d4 Nf6 2. Bf4 g6 3. Nc3 Bg7 4. Qd2 d6 5. O-O-O c6 6. h4 h5 7. e4 Qa5 8. f3 b5 9. e5 b4 10. Ne4 Nxe4 11. fxe4 Qxa2 12. Qxb4 a5 13. Qa3 Qxa3 14.
bxa3 dxe5 15. dxe5 Bg4 16. Nf3 Nd7 17. Be2 Bxf3 18.
gxf3 Nxe5 19. Rhg1 O-O 20. Bg5 f6 21. Be3 Kh7 22. f4 Nf7 23. f5 gxf5 24. exf5 Ne5 25. Bxh5 Bh6 26. Bxh6 Kxh6 27. Be2 Rg8 28. Bd3 Rad8 29.
Be4 Rxd1+ 30. Rxd1 Rg4 31. Bd3 Rxh4 32. Ba6 Rh2 33.
Rd8 Kg5 34. Bc8 Kf4 35. Re8 Ke3 36. Rxe7 c5 37. Kb2 Kd4 38. Re6 c4 39. Rxf6 a4 40. Rd6+ Kc5 41. Rd8 Nc6 42. Rg8 Nd4 43. Be6 Rxc2+ 44.
Kb1 Rf2 45. Rc8+ Nc6 46. Bd7 1-0

[Event "*** SCC Grand Prix: Titled Tuesday Blitz"]
[Site "Chess.com"]
[Date "2020.06.02"]
[Round "10"]
[White "VincentKeymer"]
[Black "Andreikka"]
[Result "1-0"]
[WhiteElo "2820"]
[BlackElo "2921"]
[TimeControl "180+1"]
[EndTime "11:59:04 PDT"]
[Termination "VincentKeymer won by checkmate"]

1. Nf3 d5 2. e3 Nf6 3. c4 e6 4. Nc3 Be7 5. b3 O-O 6. Bb2 b6 7. cxd5 exd5 8. d4 Bb7 9. Bd3 Nbd7 10. O-O a6 11. Ne2 Bd6 12. Ng3 g6 13. Ne5 Ne4 14.
f4 Nxg3 15. hxg3 Qe7 16. Qg4 Nf6 17. Qh4 Ne4 18. Bxe4 dxe4 19. Rac1 f6 20. Nc4 Bd5 21. Kf2 Rf7 22. Rh1 a5 23. a4 Qd7 24. Rc3 Bb4 25. Rc2 b5 26. axb5 Qxb5 27. Rhc1 Bf8 28. Nd2 Bd6 29. Bc3 Bxb3 30. Rb2 a4 31. Nxe4 Be7 32. d5 Raf8 33. Rh1 Qxd5 34. Nxf6+ Bxf6 35. Bxf6 a3 36. Qh6 Rd7 37. Rxb3 Qxb3 38. Bd4 a2 39. Qh3 Rxd4 40.
exd4 Qc2+ 41. Kf3 Qd3+ 42. Kf2 Qxd4+ 43. Kf3 Qd3+ 44. Kf2 Qd2+ 45. Kf3 Qc3+ 46. Kf2 Qb2+ 47. Kf3 Qb3+ 48. Kf2 Rd8 49. Qxh7+ Kf8 50. Qh8+ Ke7 51. Rh7+ Ke6 52. Qe5# 1-0

[Event "*** SCC Grand Prix: Titled Tuesday Blitz"]
[Site "Chess.com"]
[Date "2020.06.02"]
[Round "10"]
[White "vanyakuba"]
[Black "xamax2000"]
[Result "1/2-1/2"]
[WhiteElo "2469"]
[BlackElo "2629"]
[TimeControl "180+1"]
[EndTime "11:59:04 PDT"]
[Termination "Game drawn by repetition"]

1. e4 c5 2. c3 d5 3. exd5 Qxd5 4. d4 g6 5. Nf3 Bg7 6. dxc5 Qxc5 7. Be3 Qc7 8. Bb5+ Bd7 9. Bxd7+ Nxd7 10. O-O Ngf6 11. Na3 a6 12. Qe2 O-O 13. Rfd1 b5 14. Nc2 e6 15. a4 Rab8 16. axb5 axb5 17. Nb4 Rb7 18. Nd4 Qc4 19. Qc2 Rc8 20. Ra6 Ne5 21. Bf4 Nfd7 22.
Qb1 Qc5 23. h3 h5 24. Be3 Qe7 25. Bf4 Qe8 26. Ndc6 Nxc6 27. Rxc6 Rxc6 28. Nxc6 Rb6 29. Nb4 Nc5 30. Be3 Qc8 31. Nd3 Bf8 32. b4 Nxd3 33.
Bxb6 Ne5 34. Bd4 Nc4 35. Qe4 Qd7 36. Re1 Kh7 37. g4 hxg4 38. hxg4 Bg7 39. Bxg7 Kxg7 40. Kg2 Qe7 41. Qd4+ Kg8 42. Rh1 e5 43. Qe4 Kg7 44.
Qa8 Kf6 45. Qh8+ Ke6 46. Qc8+ Kf6 47. Qc6+ Kg7 48. Qc8 Kf6 49. Qh8+ Ke6 50. Qc8+ Kf6 1/2-1/2

[Event "*** SCC Grand Prix: Titled Tuesday Blitz"]
[Site "Chess.com"]
[Date "2020.06.02"]
[Round "10"]
[White "korkmaz16"]
[Black "14Sokol88"]
[Result "0-1"]
[WhiteElo "2263"]
[BlackElo "2419"]
[TimeControl "180+1"]
[EndTime "11:59:04 PDT"]
[Termination "14Sokol88 won by resignation"]

1. e4 c5 2. Nf3 e6 3. d4 cxd4 4.
Nxd4 a6 5. Bd3 Bc5 6. Nb3 Be7 7.
c4 d6 8. O-O Nf6 9. Nc3 b6 10.
Be3 Bb7 11. f4 Nbd7 12. Rc1 O-O 13. Qe2 Rc8 14. h3 Qc7 15. g4 g6 16. g5 Nh5 17.
Qf2 f5 18. exf5 exf5 19. Nd5 Bxd5 20. cxd5 Qb7 21. Nd4 Nc5 22. Bc4 b5 23. Be2 Qxd5 24.
Bf3 Ne4 25. Qg2 Ng7 26. b3 Qb7 27. Rce1 d5 28. h4 Bb4 29. Rd1 Rc3 30. Bd2 Rxf3 31. Nxf3 Bc5+ 32. Kh2 Ne6 33. Ne5 Bd6 34. Be3 Bxe5 35.
fxe5 Rd8 36. Bd4 Qb8 37. Ba1 d4 38. Kg1 Qxe5 39. Rde1 Qd5 40. Qf3 N6c5 41. Qf4 Nd3 42. Qc7 Nxe1 43. Rxe1 Qd7 44. Qxd7 Rxd7 45. Rd1 d3 46.
Kg2 Kf7 47. Kf3 Ke6 48. Ke3 d2 49. Bb2 Rc7 50. Ba3 Rc2 51. Rxd2 Rxd2 0-1

[Event "*** SCC Grand Prix: Titled Tuesday Blitz"]
[Site "Chess.com"]
[Date "2020.06.02"]
[Round "10"]
[White "ketster"]
[Black "verdest"]
[Result "1-0"]
[WhiteElo "2443"]
[BlackElo "2558"]
[TimeControl "180+1"]
[EndTime "11:59:05 PDT"]
[Termination "ketster won on time"]

1. d4 Nf6 2. c4 e6 3. g3 d5 4. Bg2 Bb4+ 5. Bd2 Be7 6. Nf3 O-O 7. O-O c6 8. Qc2 Nbd7 9. a3 b6 10. cxd5 cxd5 11. Rc1 Ba6 12. Qd1 Ne4 13. Bb4 h6 14.
Bf1 Nd6 15. Nc3 Rc8 16. Qa4 Nb8 17. Ne5 Nc4 18. Nxc4 dxc4 19. e3 Bxb4 20. axb4 Qc7 21. b5 Bb7 22. Qxa7 Nd7 23. Bg2 Rb8 24. Bxb7 Rxb7 25.
Qa4 Nf6 26. Ne2 Rc8 27. b3 Ne4 28. bxc4 Qe7 29. Nf4 Rbc7 30. Qc2 Nd6 31. c5 bxc5 32. b6 Rb7 33. dxc5 Nf5 34. Rab1 Rc6 35. Qa4 Qd7 36. Rd1 Qc8 37. Nd3 Ne7 38. Rbc1 Nd5 39. Qb5 Kh7 40. Ne5 1-0

[Event "*** SCC Grand Prix: Titled Tuesday Blitz"]
[Site "Chess.com"]
[Date "2020.06.02"]
[Round "10"]
[White "Tenamu"]
[Black "Harry_Rakkel"]
[Result "0-1"]
[WhiteElo "2342"]
[BlackElo "2507"]
[TimeControl "180+1"]
[EndTime "11:59:06 PDT"]
[Termination "Harry_Rakkel won by checkmate"]

1. d4 Nf6 2. Nc3 d5 3. Bf4 e6 4. Nb5 Na6 5. e3 Bd7 6. Nf3 Nh5 7. Ne5 Nxf4 8. exf4 c5 9. a4 Be7 10. Qh5 O-O 11. Bd3 f5 12. g4 Nb4 13. gxf5 Nxd3+ 14. Nxd3 Rxf5 15. Qg4 Bxb5 16. axb5 cxd4 17. Rg1 Bf6 18. Nc5 Qe7 19. b4 b6 20. Nd3 Rc8 21. Kd2 Qc7 22.
Ra2 Qc4 23. Rga1 Be7 24. Rb2 Rc7 25. Re1 Bxb4+ 26. Kd1 Bxe1 27. Nxe1 Qf1 28. Qf3 Rc3 29. Qe2 Qxe2+ 30. Kxe2 Rxf4 31. Nd3 Rf7 32. Ra2 Rfc7 33. Kd2 h5 34. Nb4 Rh3 35. Nc6 Rxh2 36. Ke2 h4 37.
Nxd4 h3 38. Kf3 Rc3+ 39. Kg4 Rxf2 40. Nxe6 h2 41. Rxa7 Rg2+ 42. Kf5 h1=Q 43. Ra8+ Kh7 44. Nf8+ Kh6 45. Ne6 Qf1+ 46. Ke5 Re2+ 47. Kd6 Rxe6+ 48. Kxe6 Qf6+ 49. Kxd5 Qf3+ 50. Kd4 Qxa8 51. Kxc3 Qd5 52.
Kb4 Qc5+ 53. Ka4 Qc4+ 54. Ka3 Qxb5 55. c4 Qc5+ 56. Kb3 g5 57. Kc3 g4 58. Kd2 g3 59.
Ke2 g2 60. Kf3 g1=Q 61. Ke4 Qgf2 62. Kd3 Qcd4# 0-1

[Event "*** SCC Grand Prix: Titled Tuesday Blitz"]
[Site "Chess.com"]
[Date "2020.06.02"]
[Round "10"]
[White "KejJaj"]
[Black "davigator"]
[Result "0-1"]
[WhiteElo "2080"]
[BlackElo "2315"]
[TimeControl "180+1"]
[EndTime "11:59:06 PDT"]
[Termination "davigator won on time"]

1. d4 Nf6 2. Bf4 c5 3. d5 d6 4.
Nc3 g6 5. e4 Bg7 6. Nf3 O-O 7.
a4 b6 8. Bc4 a6 9. O-O Nbd7 10.
Qd2 Ng4 11. h3 Nge5 12. Nxe5 Nxe5 13. Be2 Re8 14. Bh6 Bh8 15. f4 Nd7 16. f5 Ne5 17. fxg6 hxg6 18. Qf4 e6 19. Rad1 Ra7 20. Bg5 Qc7 21.
Qh4 Bg7 22. Rf2 c4 23. Rdf1 Rb7 24. Bf4 f5 25. dxe6 Bxe6 26. exf5 Bxf5 27. Nd5 Qc5 28. Nf6+ Bxf6 29. Qxf6 Rf7 30. Qh4 d5 31. Qg3 Nc6 32. h4 Rg7 33. Bd6 Qd4 34. c3 Qe3 35. Qxe3 Rxe3 36.
h5 Re6 37. hxg6 Rexg6 38. Bh2 Be4 39. g3 Ne5 40. Rf8+ Kh7 41. Bh5 Rh6 42. Be2 Ng4 43. Bxg4 Rxg4 44. R8f7+ Rg7 45. R7f6 Rhg6 46. Rxg6 Kxg6 47.
Rf4 Kg5 48. g4 Rh7 49. Bg3 Rh3 50. Kf2 Rh1 51. Rf8 Rb1 52. Rg8+ Kf6 53. g5+ Kf7 54. Ra8 Rxb2+ 55. Ke3 b5 56. Rxa6 b4 57. cxb4 Rxb4 58. Kd4 Rb3 59. Be5 Rd3+ 60. Kc5 c3 61. Rc6 d4 62. Kb5 Bxc6+ 0-1

[Event "*** SCC Grand Prix: Titled Tuesday Blitz"]
[Site "Chess.com"]
[Date "2020.06.02"]
[Round "10"]
[White "vaishali2001"]
[Black "ElGasanov"]
[Result "0-1"]
[WhiteElo "2628"]
[BlackElo "2752"]
[TimeControl "180+1"]
[EndTime "11:59:07 PDT"]
[Termination "ElGasanov won on time"]

1. e4 c5 2. Nc3 g6 3. Nge2 Bg7 4. g3 Nc6 5. Bg2 d6 6. d3 e5 7. Be3 Nge7 8. Qd2 O-O 9. h4 h5 10. Bh6 Nd4 11. Nxd4 cxd4 12. Ne2 d5 13. O-O-O dxe4 14. Bxe4 Be6 15. Kb1 Bd5 16. Bxg7 Kxg7 17. f4 f6 18. Rdf1 Qd7 19. fxe5 fxe5 20. Qg5 Qe6 21. a3 Rf6 22. g4 Bxe4 23. dxe4 Raf8 24. Rfg1 Rf2 25.
Ng3 hxg4 26. h5 Qf6 27. Qxf6+ R8xf6 28. hxg6 Rxg6 29. Rh5 Nc6 30. Nf5+ Kf6 31. Rh8 g3 32. Rxg3 Rxg3 33. Nxg3 Kg5 34. Rg8+ Kf4 35. Nf5 Kxe4 36. Nd6+ Ke3 37. Nxb7 e4 38. Nc5 Rf1+ 39. Ka2 Ne5 40. Rg3+ Nf3 41. Rg4 Nd2 42. Rg3+ Rf3 43. Rg4 Rf4 44.
Rg3+ Kf2 45. Rg5 Ke2 46. Rd5 e3 47. b4 Ne4 0-1

[Event "*** SCC Grand Prix: Titled Tuesday Blitz"]
[Site "Chess.com"]
[Date "2020.06.02"]
[Round "10"]
[White "DenisQ"]
[Black "Kirill_Klukin"]
[Result "1-0"]
[WhiteElo "2619"]
[BlackElo "2719"]
[TimeControl "180+1"]
[EndTime "11:59:07 PDT"]
[Termination "DenisQ won by resignation"]

1. Nf3 Nf6 2. c4 g6 3. Nc3 Bg7 4. g3 O-O 5. Bg2 d6 6. O-O c6 7. d4 Bf5 8. Ne1 Qc8 9. e4 Bh3 10. f3 e5 11. Be3 Bxg2 12. Kxg2 Nbd7 13. d5 Qc7 14. Nd3 a6 15. Rc1 c5 16. Qe2 Rae8 17. g4 Rb8 18. a4 Ne8 19. Rg1 Kh8 20. Kh1 f5 21. gxf5 gxf5 22. exf5 Rxf5 23. Ne4 Nf8 24. Rg3 Qf7 25. Rcg1 b5 26. axb5 axb5 27. b3 bxc4 28.
bxc4 Rb3 29. Nxd6 Nxd6 30. Rxg7 Qxg7 31. Rxg7 Kxg7 32. Bxc5 Rb1+ 33. Kg2 Nf7 34. Bxf8+ Kxf8 35. Nc5 Rg5+ 36. Kf2 Rgg1 37. Ne6+ Ke7 38. c5 Rh1 39. Qc4 Rb2+ 40. Kg3 Rhxh2 41. f4 Rbg2+ 42. Kf3 Rf2+ 43. Ke3 Re2+ 44. Qxe2 Rxe2+ 45. Kxe2 exf4 46. Nxf4 Ne5 47. Ke3 Kd7 48. Kd4 Nf3+ 49. Ke4 Nd2+ 50. Kf5 Nc4 51. Nd3 h5 52. Ne5+ Nxe5 53. Kxe5 h4 54. Kf4 h3 55. Kg3 Ke7 56. Kxh3 Kf6 57. Kg4 Ke5 58.
d6 Kd5 59. d7 1-0

[Event "*** SCC Grand Prix: Titled Tuesday Blitz"]
[Site "Chess.com"]
[Date "2020.06.02"]
[Round "10"]
[White "Barmen_EV"]
[Black "m_ezat"]
[Result "0-1"]
[WhiteElo "2397"]
[BlackElo "2547"]
[TimeControl "180+1"]
[EndTime "11:59:07 PDT"]
[Termination "m_ezat won on time"]

1. d4 Nf6 2. c4 g6 3. Nc3 Bg7 4. e4 d6 5. f4 O-O 6. Nf3 c5 7. d5 e5 8. fxe5 Ng4 9. Bg5 Qb6 10. Na4 Qa5+ 11. Bd2 Qd8 12. exd6 f5 13. exf5 Bxf5 14. Be2 Qxd6 15. Nc3 Nd7 16. O-O Rae8 17. Kh1 Bd4 18.
Nb5 Qf6 19. Nbxd4 cxd4 20. Bg5 Qd6 21. h3 Ne3 22. Bxe3 dxe3 23. Qd4 b6 24. Ng5 h6 25. Nf3 Re4 26. Qd1 Qg3 27. Qe1 Qd6 28. Kg1 Nc5 29.
Rd1 Re7 30. b4 Ne4 31. c5 Qf6 32. d6 Ree8 33. Nd4 Nf2 34. Nxf5 gxf5 35. d7 Rd8 36.
Bc4+ Kg7 37. Qxe3 Nxd1 38. Rxd1 f4 39. Qd4 f3 40. gxf3 bxc5 41. Qxf6+ Rxf6 42. bxc5 Rf4 43. Bb5 Rf5 44. c6 Rc5 45. Rd6 a6 46. Kf2 axb5 47.
Re6 Kf7 48. Rxh6 Kg7 49. Rf6 Kxf6 50. Ke3 Rxc6 51. Kf4 Rxd7 52. h4 Rc3 53. Kg4 Rd4+ 54. Kh5 Rc5+ 0-1